 Dungeon Crawl Stone Soup version 0.21.1-1-g345015f (webtiles) character file.

100 Kairos the Shield-Bearer (level 5, -1/41 HPs)
             Began as a Human Fighter on Apr 1, 2018.
             Slain by a gnoll
             ... wielding a +0 spear
              (5 damage)
             ... on level 3 of the Dungeon.
             The game lasted 00:02:35 (1988 turns).

Kairos the Shield-Bearer (Human Fighter)            Turns: 1988, Time: 00:02:36

Health: -1/41      AC:  9    Str: 21    XL:     5   Next: 3%
Magic:  5/5        EV:  7    Int:  9    God:
Gold:   34         SH:  9    Dex: 13    Spells: 4/4 levels left

rFire    . . .     SeeInvis .   a - +0 war axe
rCold    . . .     Gourm    .   c - +0 shield
rNeg     . . .     Faith    +   b - +0 scale mail
rPois    .         Spirit   .   n - +1 hat
rElec    .         Reflect  .   (no cloak)
rCorr    .         Harm     .   p - +0 pair of gloves
MR       .....                  (no boots)
Stlth    ..........             j - amulet of faith
HPRegen  0.13/turn              (no ring)
MPRegen  0.09/turn              (no ring)

@: mighty
A: no striking features
a: no special abilities


You were on level 3 of the Dungeon.
You were hungry.

You visited 1 branch of the dungeon, and saw 3 of its levels.

You collected 34 gold pieces.

Inventory:

Hand Weapons
 a - a +0 war axe (weapon)
Armour
 b - a +0 scale mail (worn)
 c - a +0 shield (worn)
 n - a +1 hat (worn)
 p - a +0 pair of gloves (worn)
Jewellery
 j - an amulet of faith (around neck)
Scrolls
 g - 2 scrolls of identify {unknown}
 l - 2 scrolls of teleportation {unknown}
 m - a scroll of immolation {unknown}
 o - a scroll of random uselessness {unknown}
Potions
 d - a potion of might
 e - 2 potions of cancellation {unknown}
 h - a potion of agility {unknown}
 i - 2 potions of heal wounds {unknown}
 k - 2 potions of degeneration {unknown}
Comestibles
 f - 4 rations


   Skills:
 + Level 3.2 Fighting
 + Level 3.4 Axes
 + Level 3.3 Armour
 + Level 0.3 Dodging
 + Level 3.8 Shields


You had 4 spell levels left.
You didn't know any spells.

Dungeon Overview and Level Annotations

Branches:
Dungeon (3/15)

Altars:
Fedhas
Gozag
Kikubaaqudgha
Uskayaw
Xom
Zin


Message History

You hit the gnoll but do no damage. You block the gnoll's attack.
The gnoll hits you with a halberd!
* * * LOW HITPOINT WARNING * * *
You hit the gnoll but do no damage.
The gnoll is moderately wounded.
You hit the gnoll. The gnoll hits you with a spear.
* * * LOW HITPOINT WARNING * * *
You block the gnoll's attack. The gnoll closely misses you.
You hit the gnoll but do no damage.
The gnoll is moderately wounded.
You hit the gnoll. The gnoll barely misses you.
The gnoll hits you with a spear.
* * * LOW HITPOINT WARNING * * *
You feel very mighty all of a sudden. The gnoll barely misses you.
The gnoll hits you but does no damage.
You completely miss the gnoll.
The gnoll is moderately wounded.
You barely miss the gnoll. The gnoll barely misses you.
The gnoll hits you with a spear.
You die...

#+# ..#
....#
###.#######
(...#
#.gg.....≈≈
...(# #@#
....# #.#
....# #.#
....# #.#
....######
#.#
.........#
#.#
....####.#
#.# ....#
#.# #.#
##### #.#
#.# ≈#


You could see 2 gnolls.

Vanquished Creatures
  A gnoll (D:3)
  2 adders (D:2)
  An ooze (D:2)
  A worm (D:2)
  3 dart slugs
  3 leopard geckos
  4 giant cockroaches
  5 goblins
  10 hobgoblins
  3 kobolds
  2 ball pythons (D:2)
  11 bats
  4 frilled lizards
  7 rats
57 creatures vanquished.

Notes
Turn   | Place    | Note
-------+----------+-------------------------------------------
     0 | D:1      | Kairos the Human Fighter began the quest for the Orb.
     0 | D:1      | Reached XP level 1. HP: 18/18 MP: 1/1
    29 | D:1      | Reached XP level 2. HP: 22/24 MP: 2/2
   274 | D:1      | Reached XP level 3. HP: 28/29 MP: 3/3
   667 | D:2      | Reached XP level 4. HP: 11/35 MP: 4/4
  1143 | D:2      | Found an opulent altar of Gozag.
  1144 | D:2      | Found a glowing silver altar of Zin.
  1275 | D:2      | Found a blossoming altar of Fedhas.
  1275 | D:2      | Found an ancient bone altar of Kikubaaqudgha.
  1423 | D:2      | Found a hide-covered altar of Uskayaw.
  1552 | D:2      | Found a shimmering altar of Xom.
  1979 | D:3      | Reached XP level 5. HP: 36/41 MP: 5/5
  1988 | D:3      | Slain by a gnoll

Skill      XL: |  1  2  3  4 |
---------------+-------------+-----
Axes           | 3 |  3.4
Fighting       | |  3.2
Armour         | |  3.3
Dodging        | |  0.3
Shields        | |  3.8

Action                   |  1- 3 |  4- 6 || total
-------------------------+-------+-------++-------
Melee: War axe           |   106 |    88 ||   194
  Use: Potion            |       |     1 ||     1
  Eat: Chunk             |       |     3 ||     3
Armor: Scale mail        |    68 |    40 ||   108
Dodge: Dodged            |    22 |    32 ||    54
Block: Shield            |    63 |    39 ||   102
